 Dungeon Crawl Stone Soup version 0.27.1-3-gb3d3a73c9e (webtiles) character file.

Game seed: 8618855049701920190

42 styxcanada the Sneak (level 3, 0/18 HPs)
             Began as a Spriggan Brigand on Oct 15, 2021.
             Slain by a kobold (3 damage)
             ... on level 2 of the Dungeon.
             The game lasted 00:05:02 (1459 turns).

styxcanada the Sneak (Spriggan Brigand)             Turns: 1459, Time: 00:05:03

Health: 0/18       AC:  3    Str:  7    XL:     3   Next: 33%
Magic:  4/4        EV: 16    Int: 12    God:
Gold:   53         SH:  0    Dex: 17    Spells: 2/2 levels left

rFire    . . .     SeeInvis +   a - +2 dagger
rCold    . . .     Faith    .   (shield restricted)
rNeg     . . .     Spirit   .   b - +0 robe
rPois    .         Reflect  .   (helmet restricted)
rElec    .         Harm     .   c - +0 cloak
rCorr    .         Rampage  .   (gloves unavailable)
Will     .....                  (boots unavailable)
Stlth    ++++......             (no amulet)
HPRegen  0.06/turn              (no ring)
MPRegen  0.09/turn              (no ring)

@: very quick
A: very small, no large weapons, unfitting armour, see invisible, speed 3
a: no special abilities


You were on level 2 of the Dungeon.
You visited 1 branch of the dungeon, and saw 2 of its levels.

You collected 53 gold pieces.

Inventory:

Hand Weapons
 a - a +2 dagger (weapon)
 j - a +0 hunting sling
Missiles
 d - 4 poisoned darts (quivered)
 e - 2 curare-tipped darts
 k - 38 stones
Armour
 b - a +0 robe (worn)
 c - a +0 cloak (worn)
Scrolls
 g - 2 scrolls of acquirement {unknown}
 l - a scroll of brand weapon {unknown}
 m - a scroll of vulnerability {unknown}
Potions
 f - a potion of ambrosia {unknown}
 h - a potion of heal wounds {unknown}
 i - a potion of brilliance {unknown}


   Skills:
 * Level 1.6 Fighting
 + Level 2.3 Short Blades
 + Level 2.1 Throwing
 * Level 1.7 Dodging
 * Level 7.4 Stealth


You had 2 spell levels left.
You didn't know any spells.
Your spell library was empty.

Dungeon Overview and Level Annotations

Branches:
Dungeon (2/15)

Altars:


Innate Abilities, Weirdness & Mutations

You are very small and have problems with some larger weapons.
You are too small for most types of armour.
You have supernaturally acute eyesight. (SInv)
You cover ground extremely quickly. (Speed+++)


Message History

You hit the kobold.
You kill the kobold!
You see here a +0 whip.
The kobold throws a stone.
The stone hits you.
The kobold throws a stone.
The stone closely misses you.
You see here a poisoned dart.
The kobold misses you.
Things that are here:
a +0 dagger; 22 stones You hit the kobold.
The kobold is severely wounded.
The kobold barely misses you. The kobold misses you.
You closely miss the kobold.
The kobold is severely wounded.
The kobold closely misses you. x2
You hit the kobold but do no damage.
The kobold is severely wounded.
The kobold hits you with a +0 club. The kobold completely misses you.
You hit the kobold.
You kill the kobold!
The kobold throws a stone.
The stone closely misses you. The kobold closely misses you.
Things that are here:
a +0 club; 3 stones You barely miss the kobold.
The kobold misses you. The kobold hits you but does no damage.
You closely miss the kobold. The kobold closely misses you. x2
You hit the kobold.
The kobold is moderately wounded.
The kobold hits you but does no damage. The kobold completely misses you.
You closely miss the kobold.
The kobold is moderately wounded.
The kobold hits you with a +0 short sword.
The kobold barely misses you.
You hit the kobold but do no damage.
The kobold is moderately wounded.
The kobold hits you with a +0 short sword.
* * * LOW HITPOINT WARNING * * *
The kobold hits you with a +0 whip.
You die...

#.##.##.# #.#...#.# #.#.#.#
#.##.##.# #.#...#.# #.#.#.#
#...)...# #.##.##.###
#.....#
####.######.........# #. .#
#.....#.##..####.#
#######..#.#.....#.#
♣♣♣♣P♣♣ #.###......#.#
P#P...PP♣##..#.#K#...#.#
PP....K#P#..#(K@)(...).#
#...K...P#K###.####.......#
#...§K..K..# #.#
#.#.#####.# #.......P###
#.##.###.# PP.÷...PP# #.##.
## PP#≈..P#♣# #... # ♣♣#♣♣
#... #..


You could see 2 kobolds.

Vanquished Creatures
  An adder (D:2)
  A worm (D:2)
  3 ball pythons
  2 endoplasms
  A giant cockroach (D:1)
  5 goblins
  2 hobgoblins (D:1)
  4 kobolds (D:2)
  A quokka (D:2)
  7 bats
  2 rats (D:1)
29 creatures vanquished.

Vanquished Creatures (others)
  6 plants (D:2)
6 creatures vanquished.

Grand Total: 35 creatures vanquished

Notes
Turn   | Place    | Note
-------+----------+-------------------------------------------
     0 | D:1      | styxcanada the Spriggan Brigand began the quest for the
                  | Orb.
     0 | D:1      | Reached XP level 1. HP: 10/10 MP: 2/2
    23 | D:1      | Reached skill level 6 in Stealth
    87 | D:1      | Reached XP level 2. HP: 14/14 MP: 3/3
   959 | D:2      | Reached skill level 7 in Stealth
  1095 | D:2      | Reached XP level 3. HP: 18/18 MP: 4/4
  1459 | D:2      | Slain by a kobold

Illustrated notes

Levels and vault maps discovered:
D:1:      ncdulo_halloftheorcs, layout_loops_ring, minmay_misc_feat_tiny
D:2:      layout_loops_cross, shapermc_ecumenical_altar_notcrosses,
          amcnicky_mini_pool_small, minmay_misc_feat_encased,
          lexackson_kobold_supper

Skill      XL: |  1  2 |
---------------+-------+-----
Stealth        | 6 7 |  7.4
Fighting       | |  1.6
Short Blades   | |  2.3
Throwing       | |  2.1
Dodging        | |  1.7

Action                   || total
-------------------------++-------
Melee: Dagger            ||    65
Throw: Dart              ||    15
 Stab: Sleeping          ||    11
Armor: Robe              ||    12
Dodge: Dodged            ||    46
